Map: Terraform LE (Void)

Players

Nekkara - Winner!

  • Race: Protoss Protoss
  • League: Silver

HzVee

  • Race: Protoss Protoss

VOD

Have the link to the VOD?

Description

Time

  • Played on: Sept. 30, 2015, 8:34 p.m.
  • Length: 10:30
Show
View Real Time Build Order
Export as new Build Order

Nekkara Protoss - Winner!

Build Orders:  

Get SALT Encoding   

  12  0:00  Probe (Chrono Boost)  
  13  0:10  Probe (Chrono Boost)  
  14  0:19  Pylon  
  14  0:21  Probe (Chrono Boost)  
  15  0:33  Assimilator  
  15  0:36  Probe (Chrono Boost)  
  16  0:46  Probe (Chrono Boost)  
  16  0:47  Gateway  
  17  0:56  Probe (Chrono Boost)  
  18  1:07  Gateway  
  18  1:11  Probe (Chrono Boost), Pylon  
  19  1:29  Gateway  
  19  1:35  Cybernetics Core  
  19  1:46  Zealot  
  21  1:51  Pylon  
  21  2:01  Probe (Chrono Boost)  
  22  2:12  Gateway, Warp Gate  
  22  2:17  Adept (Chrono Boost)  
  22  2:21  Adept (Chrono Boost)  
  26  2:26  Adept (Chrono Boost)  
  28  2:42  Adept (Chrono Boost)  
  30  2:51  Adept (Chrono Boost)  
  32  2:54  Mothership Core  
  32  2:55  Adept (Chrono Boost)  
  36  3:01  Pylon  
  36  3:10  Pylon  
  36  3:18  Stalker (Chrono Boost)  
  38  3:26  Adept (Chrono Boost)  
  42  3:34  Adept (Chrono Boost)  
  40  4:07  Nexus  
  40  4:12  Robotics Facility  
  40  4:31  Stalker (Chrono Boost)  
  40  4:38  Probe, Assimilator  
  43  4:41  Assimilator  
  43  4:50  Probe  
  44  4:54  Pylon  
  44  4:56  Pylon  
  44  5:02  Probe, Observer  
  46  5:14  Probe  
  46  5:18  Forge  
  47  5:21  Probe  
  47  5:26  Probe  
  49  5:33  Probe  
  50  5:36  Immortal (Chrono Boost)  
  50  5:38  Probe  
  55  5:45  Probe  
  56  5:50  Probe  
  56  5:51  Adept  
  56  5:56  Adept  
  61  5:57  Probe  
  61  5:58  Adept  
  61  6:02  Probe  
  65  6:09  Probe  
  66  6:12  Immortal (Chrono Boost)  
  66  6:18  Probe  
  71  6:21  Probe  
  71  6:24  Pylon  
  71  6:25  Pylon  
  72  6:30  Probe  
  73  6:36  Stalker, Protoss Ground Weapons Level 1 (Chrono Boost)  
  75  6:41  Immortal (Chrono Boost)  
  79  6:54  Stalker x2  
  83  7:05  Twilight Council  
  83  7:11  Immortal  
  87  7:46  Immortal  
  91  7:52  Zealot x4  
  99  8:15  Nexus, Assimilator  
  99  8:25  Warp Prism  
  101  8:31  Shield Upgrade (Chrono Boost)  
  101  8:45  Pylon  
  101  8:48  Pylon  
  101  8:49  Pylon  
  101  8:51  Pylon  
  101  9:09  Immortal  
  105  9:13  Stalker x2  
  105  9:14  Stalker x2  
  113  9:31  Gateway x2  
  99  9:41  Stalker x2  
  99  9:42  Stalker  
Show
View Real Time Build Order
Export as new Build Order

HzVee Protoss 

Build Orders:  

Get SALT Encoding   

  12  0:00  Probe (Chrono Boost)  
  13  0:10  Probe (Chrono Boost)  
  14  0:23  Probe (Chrono Boost)  
  14  0:24  Pylon  
  15  0:41  Probe (Chrono Boost)  
  16  0:44  Gateway  
  16  0:49  Assimilator  
  16  0:51  Probe (Chrono Boost)  
  17  1:03  Gateway  
  17  1:07  Probe (Chrono Boost)  
  18  1:17  Probe (Chrono Boost)  
  19  1:23  Pylon  
  19  1:29  Assimilator  
  19  1:34  Probe (Chrono Boost)  
  19  1:36  Cybernetics Core  
  20  1:40  Zealot (Chrono Boost)  
  20  1:44  Probe  
  23  1:56  Probe  
  24  2:05  Warp Gate (Chrono Boost)  
  24  2:19  Twilight Council  
  24  2:23  Pylon  
  24  2:28  Robotics Facility  
  24  2:29  Probe  
  25  2:41  Probe  
  26  2:50  Stalker  
  28  2:54  Mothership Core  
  30  2:59  Stalker  
  32  3:15  Probe  
  32  3:19  Observer  
  34  3:24  Nexus  
  34  3:27  Probe  
  35  3:39  Pylon  
  35  3:43  Stalker  
  35  4:06  Pylon  
  35  4:25  Robotics Bay  
  35  4:34  Gateway  
  35  4:36  Probe  
  35  4:37  Gateway  
  35  4:42  Immortal (Chrono Boost)  
  40  4:46  Probe  
  41  4:53  Forge  
  41  4:56  Probe  
  41  4:59  Stalker  
  44  5:06  Probe  
  44  5:09  Stalker  
  47  5:16  Probe  
  48  5:26  Probe  
  49  5:29  Protoss Ground Weapons Level 1  
  49  5:34  Stalker x2  
  53  5:36  Probe  
  54  5:46  Probe  
  55  5:56  Probe  
  55  6:00  Stalker x4  
  64  6:05  Assimilator  
  64  6:06  Probe  
  64  6:08  Assimilator  
  65  6:15  Probe  
  65  6:18  Observer (Chrono Boost)  
  67  6:25  Probe, Pylon  
  68  6:35  Probe  
  69  6:45  Probe, Blink (Chrono Boost)  
  69  6:48  Stalker x2  
  69  6:49  Stalker x2  
  78  7:03  Pylon  
  78  7:17  Nexus  
  78  7:19  Probe  
  78  7:22  Pylon  
  79  7:25  Pylon  
  79  7:29  Probe  
  79  7:33  Stalker x3  
  86  7:39  Probe  
  86  7:44  Colossus  
  86  7:49  Probe  
  93  8:18  Gateway  
  93  8:20  Gateway  
  93  8:23  Gateway  
  93  8:31  Colossus (Chrono Boost)  
  93  8:32  Extended Thermal Lance  
  99  8:44  Stalker  
  99  8:45  Stalker x2  
  105  8:49  Protoss Shields Level 1 (Chrono Boost)  
  105  8:51  Probe  
  106  9:01  Stalker  
  108  9:03  Probe  
  109  9:15  Probe  
  110  9:22  Stalker x3  
  79  9:49  Stalker x4  
  93  10:04  Probe  
  93  10:07  Assimilator  
  86  10:08  Assimilator  
  86  10:13  Pylon  
  62  10:15  Stalker x2, Pylon  
  62  10:16  Stalker, Probe  
Tags
 
League
Silver
Matchup
PvP
Replay Pack
HzVee P1
Add a new tag
Caveats
  • Supply blocks, unpowered buildings, or Contaminate may cause inaccurate times.
  • Supply counts are checked every 10 seconds.